 Dungeon Crawl Stone Soup version 0.15.0-14-g6bbbb5c (webtiles) character file.

112 Leibowitz the Charmwright (level 4, -3/37 HPs)
             Began as a Draconian Skald on Sept 5, 2014.
             Killed by divine providence
             ... invoked by an orc priest
              (15 damage)
             ... on Level 3 of the Dungeon.
             The game lasted 00:10:51 (1854 turns).

Leibowitz the Charmwright (Draconian Skald)         Turns: 1854, Time: 00:10:52

HP  -3/37        AC  6     Str 14      XL: 4   Next: 63%
MP   0/8         EV 11     Int 13      God:
Gold 86          SH  3     Dex 11      Spells:  3 memorised,  3 levels left

rFire  . . .     SeeInvis .     a - +0 hand axe
rCold  . . .     Clarity  .     (armour unavailable)
rNeg   . . .     rCorr    .     g - +0 buckler
rPois  .         rRot     .     (helmet restricted)
rElec  .         Spirit   .     (no cloak)
SustAb .         Warding  .     s - +0 pair of gloves
rMut   .         Stasis   .     (no boots)
Gourm  .                        (no amulet)
MR     .....                    (no ring)
                                (no ring)

@: singing, not resistant to hostile enchantments, very unstealthy
A: unfitting armour, cold-blooded, AC +5
a: Stop Singing


You were on level 3 of the Dungeon.
You were not hungry.

You visited 1 branch of the dungeon, and saw 3 of its levels.

You collected 86 gold pieces.

Inventory:

Hand weapons
 a - a +0 hand axe (weapon)
Armour
 g - a +0 buckler (worn)
 s - a +0 pair of gloves (worn)
Comestibles
 d - 4 bread rations
 f - 3 meat rations
 j - 2 slices of pizza
 p - a chunk of rat flesh
Scrolls
 b - 2 scrolls of remove curse {unknown}
 e - 2 scrolls of identify {unknown}
 h - a scroll of magic mapping {unknown}
 i - a scroll of blinking {unknown}
 k - a scroll of enchant weapon {unknown}
 m - a scroll of teleportation {unknown}
 q - a scroll of noise {unknown}
Jewellery
 n - an uncursed ring of see invisible {unknown}
Potions
 l - a potion of brilliance {unknown}
 o - a potion of haste {unknown}
 x - a potion of lignification {unknown}
Books
 c - a book of Battle

   Spells                             Type                      Level
   *Infusion                          Charms                       1
   *Shroud of Golubria                Charms/Translocation         2
   *Song of Slaying                   Charms                       2
   Spectral Weapon                    Hexes/Charms                 3
   Regeneration                       Charms/Necromancy            3


   Skills:
 + Level 2.4 Fighting
 + Level 2.5 Axes
 + Level 2.0 Dodging
 + Level 0.6 Stealth
 * Level 1.5 Shields
 * Level 2.6 Spellcasting
 + Level 3.3 Charms
 + Level 0.2 Translocations


You had 3 spell levels left.
You knew the following spells:

 Your Spells              Type           Power        Failure   Level  Hunger
a - Infusion              Chrm           ##....       8%          1    #......
b - Shroud of Golubria    Chrm/Tloc      #.........   21%         2    ###....
c - Song of Slaying       Chrm           ##......     10%         2    ###....


Dungeon Overview and Level Annotations

Branches:
Dungeon (3/15)

Altars:
Okawaru
Xom


Innate Abilities, Weirdness & Mutations

Your plain brown scales are hard (AC +5).
Your body does not fit into most forms of armour.
Your cold-blooded metabolism reacts poorly to cold.


Message History

The orc wizard gestures wildly while chanting.
The orc wizard flickers and vanishes!
Deactivating autopickup; reactivate with Ctrl-A.
You closely miss the orc.
You tail-slap the orc, but do no damage.
The orc is lightly wounded.
The orc closely misses you.
You hit the orc.
The orc is severely wounded.
The orc barely misses you.
The orc priest's eyes start to glow.
You completely miss the orc.
The orc is severely wounded.
The orc hits you but does no damage.
You hit the orc.
You kill the orc!
You are no longer magically infusing your attacks.
The orc priest calls down the wrath of Beogh upon you.
Something smites you!
You die...

#.##########
#...........
#######.#...#...#.
#.................
#.#######...#...#.
#.# #..........
#.# ###########
#.# #@# #)#
#oo....o.#
....o..o#
...o....#
(≈≈≈....# ≈≈≈...##
#≈... ≈≈≈.


You could see an orc priest and an orc.

Vanquished Creatures
  4 adders
  A giant mite (D:1)
  A worm (D:3)
  An ooze (D:1)
  2 orcs (D:3)
  A ball python (D:2)
  5 bats
  5 giant cockroaches
  12 goblins
  4 hobgoblins
  4 jackals (D:1)
  3 giant newts (D:2)
  10 kobolds
  8 rats
61 creatures vanquished.

Notes
Turn   | Place    | Note
--------------------------------------------------------------
     0 | D:1      | Leibowitz, the Draconian Skald, began the quest for the Orb.
     0 | D:1      | Reached XP level 1. HP: 17/17 MP: 3/3
    76 | D:1      | Reached skill level 3 in Charms
   119 | D:1      | Reached XP level 2. HP: 22/24 MP: 4/4
   123 | D:1      | Learned a level 2 spell: Shroud of Golubria
   126 | D:1      | Learned a level 2 spell: Song of Slaying
   725 | D:1      | Reached XP level 3. HP: 24/30 MP: 2/6
  1035 | D:2      | Reached skill level 1 in Shields
  1263 | D:2      | Reached XP level 4. HP: 37/37 MP: 4/8
  1367 | D:2      | Found a shimmering altar of Xom.
  1792 | D:3      | Found an iron altar of Okawaru.
  1854 | D:3      | Killed from afar by an orc priest

Action                   |  1- 3 |  4- 6 || total
-------------------------+-------+-------++-------
Melee: Hand axe          |   122 |    58 ||   180
 Cast: Infusion          |    12 |     5 ||    17
       Shroud of Golubri |     3 |       ||     3
       Song of Slaying   |     1 |     1 ||     2
 Stab: Sleeping          |     1 |       ||     1
  Eat: Chunk             |     2 |     2 ||     4
